 Dungeon Crawl Stone Soup version 0.29.1-15-g9cfb28693d (webtiles) character file.

Game seed: 12296167651211277989

1530 H0rd4k the Trooper (level 9, 0/68 HPs)
             Began as a Human Artificer on Apr 27, 2023.
             Killed by divine providence
             ... invoked by an orc priest
              (16 damage)
             ... on level 7 of the Dungeon.
             The game lasted 00:09:10 (9450 turns).

H0rd4k the Trooper (Human Artificer)                Turns: 9450, Time: 00:09:11

Health: 0/68       AC:  3    Str: 12    XL:     9   Next: 10%
Magic:  13/13      EV: 13    Int: 15    God:
Gold:   241        SH:  0    Dex: 15    Spells: 13/13 levels left

rFire   . . .      SeeInvis .   z - +2 falchion (vorpal)
rCold   . . .      Faith    .   (no shield)
rNeg    . . .      Spirit   .   b - +0 leather armour
rPois   .          Reflect  .   (no helmet)
rElec   .          Harm     .   (no cloak)
rCorr   .          Rampage  .   (no gloves)
Will    .....                   (no boots)
Stlth   ++........              (no amulet)
HPRegen 0.21/turn               (no ring)
MPRegen 0.13/turn               (no ring)

@: no status effects
A: no striking features
a: no special abilities


You were on level 7 of the Dungeon.
You visited 1 branch of the dungeon, and saw 7 of its levels.
You also visited: Ossuary.

You collected 241 gold pieces.

Inventory:

Hand Weapons
 q - a +0 morningstar
 z - a +2 vorpal falchion (weapon)
 A - a +2 dagger of draining
Missiles
 h - 4 atropa-tipped darts
 v - a throwing net
Armour
 b - a +0 leather armour (worn)
Jewellery
 p - a ring of fire
 B - a ring of protection from fire
 D - a ring of protection from cold
Wands
 d - a wand of charming (9)
 e - a wand of iceblast (1)
 t - a wand of light (11) (quivered)
 G - a wand of polymorph (10)
 H - a wand of flame (26)
Scrolls
 a - 4 scrolls of enchant armour {unknown}
 g - 4 scrolls of teleportation {unknown}
 i - a scroll of silence {unknown}
 j - 3 scrolls of butterflies {unknown}
 k - 8 scrolls of identify {unknown}
 l - 2 scrolls of magic mapping {unknown}
 m - 2 scrolls of vulnerability {unknown}
 o - a scroll of summoning {unknown}
 r - 2 scrolls of noise {unknown}
 y - 5 scrolls of amnesia {unknown}
 F - a scroll of blinking {unknown}
 J - a scroll of fear {unknown}
 K - a scroll of poison {unknown}
Potions
 c - 3 potions of haste {unknown}
 f - 3 potions of might
 n - 9 potions of curing {unknown}
 s - a potion of attraction {unknown}
 u - 2 potions of degeneration {unknown}
 w - 2 potions of heal wounds {unknown}
 x - 3 potions of brilliance {unknown}
 C - 2 potions of invisibility {unknown}
 E - a potion of flight {unknown}
 I - a potion of berserk rage


   Skills:
 + Level 5.0 Fighting
 - Level 4.7 Long Blades
 - Level 2.0 Maces & Flails
 - Level 2.0 Armour
 + Level 4.4 Dodging
 + Level 3.7 Stealth
 * Level 2.8 Spellcasting
 + Level 4.9 Evocations


You had 13 spell levels left.
You didn't know any spells.
Your spell library contained the following spells:

 Spells                   Type           Power      Damage    Failure   Level
 Dazzling Flash           Conj/Hex       4%         N/A       61%         3
 Agony                    Necr           2%         N/A       100%        5
 Silence                  Hex/Air        1%         N/A       100%        5


Dungeon Overview and Level Annotations

Branches:
Dungeon (7/15)            Ossuary (visited)
 Temple: D:4-7

Altars:
Kikubaaqudgha

Shops:
D:4 [   D:6 !

Annotations:
D:2 exclusion: downstairs
D:4 exclusion: downstairs


Message History

The orc priest shouts!
The orc priest invokes the aid of Beogh against you.
Beogh smites you!
You see here a bullfrog corpse.
The orc shouts!
You closely miss the orc priest. The orc priest hits you with a +0 mace!
The orc shouts!
You hit the orc priest.
The orc priest is moderately wounded.
The orc priest hits you with a +0 mace.
You hit the orc priest.
The orc priest is heavily wounded.
The orc priest misses you. The orc priest hits you with a +0 mace.
You closely miss the orc priest.
The orc priest is heavily wounded.
The orc priest hits you with a +0 mace.
* * * LOW HITPOINT WARNING * * *
Aiming: Charm
Press: ? - help, Shift-Dir - straight line, f - orc priest
Aim: an orc priest, wielding a +0 mace (heavily wounded, chance to affect: 62%)
The orc priest resists with significant effort.
The orc priest hits you with a +0 mace.
* * * LOW HITPOINT WARNING * * *
The orc wizard casts a spell.
The orc wizard flickers and vanishes!
Deactivating autopickup; reactivate with Ctrl-A.
Aiming: Charm
Press: ? - help, Shift-Dir - straight line, f/p - orc priest
Aim: an orc priest, wielding a +0 mace (heavily wounded, chance to affect: 62%)
The orc priest is charmed.
The orc priest hits your orc priest with a +2 vorpal mace!
Your orc priest dies!
Unknown command.
Aiming: Charm
Press: ? - help, Shift-Dir - straight line, f - orc priest
Aim: an orc priest, wielding a +2 vorpal mace (chance to affect: 62%)
The orc priest resists with significant effort.
The orc priest calls down the wrath of Beogh upon you.
Beogh smites you!
You die...

#.# #.# #.# #.#
#†# ######
#<#######....##
#...........#.####
#.................
#@#######..#......
#)# #.....####
#.ooo# ####### #
###{.# ##### #..#
#...o #..# #.###
#..# # ...# # #..#
#


You could see an orc priest and 2 orcs.

Vanquished Creatures
  2 water moccasins
  An ice beast (D:7)
  A black bear (D:4)
  An ogre (D:7)
  Blork the orc (D:5)
  3 elf zombies (Ossuary)
  A bullfrog (D:7)
  A necrophage (D:5)
  2 scorpions (D:5)
  A centaur zombie (Ossuary)
  A human zombie (Ossuary)
  3 hounds
  A jelly (D:6)
  An iguana (D:5)
  Ijyb (D:3)
  An orc wizard (D:3)
  2 mummies (Ossuary)
  3 gnolls (D:4)
  7 adders
  A shadow imp (D:5)
  2 white imps
  An adder zombie (Ossuary)
  A worm (D:5)
  3 dart slugs
  11 orcs
  6 ball pythons
  4 bats
  10 endoplasms
  2 giant cockroaches
  8 goblins
  6 hobgoblins
  2 jackals (D:2)
  5 kobolds
  3 quokkas
  4 frilled lizards
  A goblin zombie (Ossuary)
  13 hobgoblin zombies (Ossuary)
  A jackal zombie (Ossuary)
  7 kobold zombies (Ossuary)
  5 orc zombies (Ossuary)
  7 rats
  3 rat zombies (Ossuary)
140 creatures vanquished.

Vanquished Creatures (collateral kills)
  A gnoll (D:4)
  3 orcs (D:7)
  A goblin (D:2)
5 creatures vanquished.

Vanquished Creatures (others)
  An orc priest (D:7)
1 creature vanquished.

Grand Total: 146 creatures vanquished

Notes
Turn   | Place    | Note
-------+----------+-------------------------------------------
     0 | D:1      | H0rd4k the Human Artificer began the quest for the Orb.
     0 | D:1      | Reached XP level 1. HP: 15/15 MP: 1/1
   196 | D:1      | Reached XP level 2. HP: 18/21 MP: 2/2
   404 | D:1      | HP: 1/21 [hobgoblin (1)]
  1182 | D:2      | Reached XP level 3. HP: 23/26 MP: 3/3
  1498 | D:2      | Found a faded altar of an unknown god.
  1516 | D:2      | Reached XP level 4. HP: 25/32 MP: 4/4
  1525 | D:2      | Reached skill level 1 in Maces & Flails
  2433 | D:3      | Noticed Ijyb
  2957 | D:3      | Killed Ijyb
  2958 | D:3      | Reached XP level 5. HP: 38/38 MP: 5/5
  3300 | D:3      | Reached skill level 2 in Fighting
  3892 | D:4      | Found Dicuty's Armour Emporium.
  3919 | D:4      | Reached XP level 6. HP: 3/44 MP: 6/6
  3987 | D:4      | Noticed a black bear
  3991 | D:4      | Killed a black bear
  4001 | D:4      | Found a sand-covered staircase.
  4164 | Ossuary  | Entered an ossuary
  4437 | Ossuary  | Reached skill level 1 in Long Blades
  4808 | Ossuary  | Reached XP level 7. HP: 35/51 MP: 7/7
  5141 | Ossuary  | Reached skill level 3 in Fighting
  6288 | D:4      | Found an ancient bone altar of Kikubaaqudgha.
  6467 | D:5      | Entered Level 5 of the Dungeon
  6478 | D:5      | Reached XP level 8. HP: 40/58 MP: 8/8
  7352 | D:5      | Reached skill level 1 in Spellcasting
  7610 | D:5      | Noticed Blork the orc
  7612 | D:5      | Killed Blork the orc
  8001 | D:6      | Reached skill level 4 in Fighting
  8534 | D:6      | Found Ujog's Distillery.
  9330 | D:7      | Reached XP level 9. HP: 33/67 MP: 11/13
  9440 | D:7      | Reached skill level 5 in Fighting
  9450 | D:7      | Killed from afar by an orc priest

Illustrated notes

Levels and vault maps discovered:
D:1:      lemuel_arrival_broad_hall, layout_loops_ring
D:2:      layout_basic, hellmonk_ecumenical_altar_arch_garden
D:3:      layout_loops_ring, uniq_ijyb
D:4:      layout_loops_ring, lemuel_doored_altar, chequers_ossuary_entry_cave,
          serial_shops, shop
D:5:      layout_cave_pools, uniq_blork_the_orc
D:6:      layout_loops_ring, serial_shops,
          nicolae_shop_competitors_out_of_business, nicolae_hexahallways,
          chequers_avenue, kennysheep_cluttered_room
D:7:      layout_loops_ring, minmay_temple_entry_enclosed_plants

Skill      XL: |  1  2  3  4  5  6  7  8  9 |
---------------+----------------------------+-----
Evocations     | 4 |  4.9
Maces & Flails | 1 2 |  2.0
Fighting       | 2 3 4 5 |  5.0
Dodging        | 2 3 4 |  4.4
Stealth        | 2 3 |  3.7
Long Blades    | 2 4 |  4.7
Spellcasting   | 2 |  2.8
Armour         | |  2.0

Action                   |  1- 3 |  4- 6 |  7- 9 || total
-------------------------+-------+-------+-------++-------
Melee: Club              |    87 |     7 |       ||    94
       Morningstar       |       |    85 |       ||    85
       Punch             |       |     2 |     2 ||     4
       Falchion          |       |   109 |   222 ||   331
Evoke: Wand              |     4 |    16 |    11 ||    31
 Stab: Sleeping          |     1 |     8 |     3 ||    12
       Invisible         |       |       |     1 ||     1
Armor: Leather armour    |    20 |    47 |    24 ||    91
Dodge: Dodged            |    55 |   138 |   115 ||   308
